 Dungeon Crawl Stone Soup version 0.26.1-11-gd32895ea62 (webtiles) character file.

Game seed: 18111694898243439848

65 hawla the Conjurer (level 3, -1/28 HPs)
             Began as a Draconian Conjurer on May 3, 2021.
             Slain by Sigmund
             ... wielding a +0 scythe
              (12 damage)
             ... on level 2 of the Dungeon on May 4, 2021.
             The game lasted 00:07:14 (2097 turns).

hawla the Conjurer (Draconian Conjurer)             Turns: 2097, Time: 00:07:15

Health: -1/28      AC:  4    Str:  9    XL:     3   Next: 92%
Magic:  0/7        EV: 16    Int: 19    God:
Gold:   66         SH:  0    Dex:  9    Spells: 4/7 levels left

rFire    . . .     SeeInvis .   k - +1 mace (protect)
rCold    . . .     Faith    .   (no shield)
rNeg     . . .     Spirit   .   (armour unavailable)
rPois    .         Reflect  .   (helmet restricted)
rElec    .         Harm     .   (no cloak)
rCorr    .         Rampage  .   d - -2 pair of gloves (curse)
Will     .....                  (no boots)
Stlth    ++........             (no amulet)
HPRegen  0.09/turn              b - +4 ring of evasion
MPRegen  0.10/turn              (no ring)

@: no status effects
A: unfitting armour, cold-blooded, AC +5
a: no special abilities


You were on level 2 of the Dungeon.
You visited 1 branch of the dungeon, and saw 2 of its levels.

You collected 66 gold pieces.

Inventory:

Hand Weapons
 k - a +1 mace of protection (weapon)
Armour
 d - a cursed -2 pair of gloves (worn)
Jewellery
 b - a +4 ring of evasion (left hand)
 c - an uncursed ring of ice
Scrolls
 e - 2 scrolls of remove curse
 g - 3 scrolls of noise {unknown}
 l - a scroll of random uselessness {unknown}
Potions
 a - 2 potions of cancellation {unknown}
 h - a potion of might {unknown}
 i - a potion of magic {unknown}
 j - a potion of heal wounds {unknown}
 m - a potion of mutation {unknown}


   Skills:
 - Level 1.0 Fighting
 - Level 2.0 Dodging
 - Level 2.0 Stealth
 + Level 2.8 Spellcasting
 + Level 4.5 Conjurations
 - Level 1.0 Translocations


You had 4 spell levels left.
You knew the following spells:

 Your Spells              Type           Power        Failure   Level
a - Magic Dart            Conj           80%          2%          1
b - Searing Ray           Conj           40%          3%          2

Your spell library contained the following spells:

 Spells                   Type           Power        Failure   Level
 Dazzling Flash           Conj/Hex       22%          19%         3
 Iskenderun's Mystic Bla  Conj/Tloc      13%          45%         4
 Fulminant Prism          Conj/Hex       5%           52%         4


Dungeon Overview and Level Annotations

Branches:
Dungeon (2/15)

Altars:

Annotations:
D:2 Sigmund


Innate Abilities, Weirdness & Mutations

Your plain brown scales are hard. (AC +5)
You cannot fit into any form of body armour.
You are cold-blooded and may be slowed by cold attacks.


Message History

Casting: Searing Ray (safe; 3% risk of failure)
Confirm with . or Enter, or press ? or * to list all spells.
Aiming: Searing Ray (safe; 3% risk of failure)
Press: ? - help, Shift-Dir - straight line The searing ray hits something. (Press . to maintain the ray.)
You hear some strange, mumbled words.
You are confused.
The goblin throws a stone.
The stone barely misses you.
A puff of flame appears from out of thin air!
The puff of flame hits you!
The goblin throws a stone.
The stone hits you.
You feel better.
The goblin throws a stone.
The stone barely misses you.
Casting: Searing Ray (safe; 3% risk of failure)
Confirm with . or Enter, or press ? or * to list all spells.
Aiming: Searing Ray (safe; 3% risk of failure)
Press: ? - help, Shift-Dir - straight line (Press . to maintain the ray.)
Something hits you! Something hits you!
You die...

.......###(###### #######
#(# ##.# #..# #.# #g## #.#
#(# ##.# #.# ## #..# #.#
.. #..# #@# ###?# # #..#
#######(###...# .#
#..####...........#####.#
#........)###.###...#...
####<..........#.......#.#
####
#............#.######....#
#... #.##..######.#.#
#.#.## #.## #.##....# #.#
# #.#)# #†# #.##.##.# #.#
#.#.# #.#


You could see a goblin.

Vanquished Creatures
  Robin (D:2)
  An adder (D:2)
  A worm (D:2)
  A dart slug (D:1)
  2 leopard geckos (D:1)
  3 bats (D:1)
  A giant cockroach (D:1)
  5 goblins
  10 hobgoblins
  3 jackals (D:2)
  2 kobolds
  A frilled lizard (D:2)
  2 rats (D:1)
33 creatures vanquished.

Notes
Turn   | Place    | Note
-------+----------+-------------------------------------------
     0 | D:1      | hawla the Draconian Conjurer began the quest for the Orb.
     0 | D:1      | Reached XP level 1. HP: 14/14 MP: 3/3
   368 | D:1      | Reached XP level 2. HP: 22/22 MP: 1/5
   371 | D:1      | Learned a level 2 spell: Searing Ray
  1372 | D:2      | Noticed Robin
  1380 | D:2      | Reached skill level 1 in Fighting
  1382 | D:2      | Killed Robin
  1383 | D:2      | Reached skill level 1 in Translocations
  1383 | D:2      | Reached XP level 3. HP: 28/28 MP: 0/6
  2075 | D:2      | Noticed Sigmund
  2097 | D:2      | Slain by Sigmund

Illustrated notes

Levels and vault maps discovered:
D:1:      minmay_arrival_three_doors, layout_loops_cross, serial_forest,
          infiniplex_forest_straight_2, infiniplex_forest_straight_4,
          infiniplex_forest_clump_curved, infiniplex_forest_corner_2
D:2:      layout_loops_ring, nicolae_overflow_hidden_temple,
          kiku_gazebo_garden_becter, minmay_misc_feat_hallway, uniq_sigmund,
          uniq_robin

Skill      XL: |  1  2 |
---------------+-------+-----
Dodging        | 2 |  2.0
Stealth        | 2 |  2.0
Fighting       | 1 |  1.0
Translocations | 1 |  1.0
Spellcasting   | |  2.8
Conjurations   | |  4.5

Action                   || total
-------------------------++-------
Melee: Unarmed           ||     8
       Mace              ||     4
       Tailslap          ||     1
 Cast: Magic Dart        ||    29
       Searing Ray       ||    17
  Use: Scroll            ||     5
       Potion            ||     1
Armor: Skin              ||    10
Dodge: Dodged            ||    23
